 Dungeon Crawl Stone Soup version 0.22-a0-430-g6609fc6 (webtiles) character file.

1080 KristoblXynda the Carver (level 8, 0/61 HPs)
             Began as a White Draconian Gladiator on May 26, 2018.
             Slain by a killer bee (8 damage)
             ... on level 5 of the Dungeon.
             The game lasted 00:09:54 (4657 turns).

KristoblXynda the Carver (DrGl)                     Turns: 4657, Time: 00:09:55

Health: 0/61       AC:  8    Str: 17    XL:     8   Next: 8%
Magic:  17/17      EV: 15    Int: 10    God:
Gold:   216        SH:  5    Dex: 13    Spells: 7/7 levels left

rFire    . . .     SeeInvis .   a - +1 long sword
rCold    + . .     Gourm    .   (no shield)
rNeg     . . .     Faith    .   (armour unavailable)
rPois    .         Spirit   .   b - +1 hat
rElec    .         Reflect  +   (no cloak)
rCorr    .         Harm     .   (no gloves)
MR       .....                  n - +0 pair of boots
Stlth    +.........             x - +5 amulet of reflection
HPRegen  0.20/turn              s - ring of magical power
MPRegen  0.15/turn              (no ring)

@: lethally poisoned (0 -> -7)
A: breathe frost, unfitting armour, cold resistance 1, cold-blooded, AC +6
a: Breathe Frost


You were on level 5 of the Dungeon.
You were not hungry.

You visited 1 branch of the dungeon, and saw 5 of its levels.

You collected 216 gold pieces.

Inventory:

Hand Weapons
 a - a +1 long sword (weapon)
Missiles
 c - 2 throwing nets (quivered)
Armour
 b - a +1 hat (worn)
 n - a +0 pair of boots (worn)
Magical Staves
 q - an uncursed staff of conjuration
Jewellery
 s - a ring of magical power (left hand)
 x - a +5 amulet of reflection (around neck)
Wands
 t - a wand of random effects (34)
Scrolls
 g - 3 scrolls of enchant weapon
 h - a scroll of teleportation
 k - a scroll of remove curse
 m - 4 scrolls of enchant armour
 o - a scroll of random uselessness {unknown}
 r - a scroll of immolation
Potions
 e - 4 potions of curing
 f - a potion of mutation {unknown}
 i - 2 potions of lignification {unknown}
 j - a potion of might {unknown}
 l - 2 potions of flight
 p - a potion of ambrosia {unknown}
 v - 2 potions of haste {unknown}
 z - a potion of agility {unknown}
Comestibles
 d - 12 rations


   Skills:
 - Level 2.1 Fighting
 * Level 8.3 Long Blades
 - Level 2.0 Throwing
 + Level 5.6 Dodging


You had 7 spell levels left.
You didn't know any spells.
Your spell library was empty.

Dungeon Overview and Level Annotations

Branches:
Dungeon (5/15)
 Temple: D:4-7

Altars:
Zin


Innate Abilities, Weirdness & Mutations

You can breathe waves of freezing cold.
You can buffet flying creatures when you breathe cold.
Your icy white scales are hard. (AC +6)
You cannot fit into any form of body armour.
Your flesh is cold resistant. (rC+)
You are cold-blooded and may be slowed by cold attacks.


Message History

The killer bee is moderately wounded.
A killer bee comes into view.
The killer bee stings you.
You feel sick.
The killer bee buzzes angrily.
The killer bee stings you.
* * * LOW HITPOINT WARNING * * *
The killer bee completely misses you.
You feel sick. The killer bee barely misses you.
You riposte.
You closely miss the killer bee. The killer bee stings you!
* * * LOW HITPOINT WARNING * * *
The killer bee stings you but does no damage.
* * * LOW HITPOINT WARNING * * *
You feel sick.
The killer bee misses you. x2; You riposte.
You miss the killer bee.
The killer bee is lightly wounded.
There is a stone staircase leading up here.
* * * LOW HITPOINT WARNING * * *
You feel sick. The killer bee stings you!
You die...

#...............###.###.####
#########.......# #........#
#.......###.###y##.y....>
#<..........# #.#######.#
##.###.#...####.# #.#
#....y....s# #.#
###.yy###### #.######y##
#..(...@.# ##########


You could see 4 killer bees.

Vanquished Creatures
  Grinder (D:3)
  Sigmund (D:3)
  2 phantoms
  A bullfrog (D:3)
  A killer bee (D:5)
  2 crimson imps (D:5)
  A hound (D:5)
  An orc priest (D:4)
  An iguana (D:4)
  3 worker ants
  Robin (D:2)
  2 gnolls (D:5)
  7 adders
  2 oozes (D:1)
  6 worms
  2 leopard geckos (D:3)
  13 orcs
  2 giant cockroaches
  20 goblins
  10 hobgoblins
  7 jackals
  A quokka (D:3)
  5 ball pythons
  10 bats
  7 frilled lizards
  2 jackal skeletons
  6 kobolds
  9 rats
126 creatures vanquished.

Notes
Turn   | Place    | Note
-------+----------+-------------------------------------------
     0 | D:1      | KristoblXynda the Draconian Gladiator began the quest for the Orb.
     0 | D:1      | Reached XP level 1. HP: 17/17 MP: 1/1
     2 | D:1      | Noticed an elf
     4 | D:1      | Noticed a centaur
     4 | D:1      | Noticed a draconian
     6 | D:1      | Noticed a human
     6 | D:1      | Noticed a ghoul
     8 | D:1      | Noticed a minotaur
    10 | D:1      | Noticed a gargoyle
    10 | D:1      | Noticed a demigod
    12 | D:1      | Noticed a merfolk
    12 | D:1      | Noticed a halfling
    14 | D:1      | Noticed a formicid
    14 | D:1      | Noticed an ogre
    16 | D:1      | Noticed a dwarf
    16 | D:1      | Noticed a demonspawn
    18 | D:1      | Noticed a vampire
    18 | D:1      | Noticed a tengu
    20 | D:1      | Noticed a naga
    20 | D:1      | Noticed a troll
    22 | D:1      | Noticed a spriggan
    24 | D:1      | Noticed a vine stalker
    27 | D:1      | Noticed an octopode
    27 | D:1      | Noticed a felid
    73 | D:1      | Reached XP level 2. HP: 24/24 MP: 2/2
   332 | D:1      | Reached XP level 3. HP: 22/29 MP: 3/3
   683 | D:2      | Reached skill level 4 in Long Blades
   808 | D:2      | Reached XP level 4. HP: 34/36 MP: 4/4
  1556 | D:2      | Reached XP level 5. HP: 37/41 MP: 5/5
  1564 | D:2      | Reached skill level 5 in Long Blades
  1687 | D:2      | Noticed Robin
  1693 | D:2      | Killed Robin
  2039 | D:3      | Noticed Grinder
  2039 | D:3      | Paralysed by Grinder for 5 turns
  2047 | D:3      | Paralysed by Grinder for 7 turns
  2091 | D:3      | Killed Grinder
  2091 | D:3      | Reached skill level 6 in Long Blades
  2091 | D:3      | Reached XP level 6. HP: 38/48 MP: 6/6
  2324 | D:3      | Noticed Sigmund
  2336 | D:3      | Killed Sigmund
  2336 | D:3      | Your scales start taking on an icy white colour.
  2336 | D:3      | Reached XP level 7. HP: 31/55 MP: 7/7
  2336 | D:3      | Gained mutation: Your flesh is cold resistant. (rC+) [White Draconian growth]
  2354 | D:3      | Reached skill level 7 in Long Blades
  2393 | D:3      | Found a glowing silver altar of Zin.
  3170 | D:4      | Reached skill level 5 in Dodging
  3874 | D:5      | Entered Level 5 of the Dungeon
  3925 | D:5      | Reached skill level 8 in Long Blades
  4065 | D:5      | Reached XP level 8. HP: 61/61 MP: 8/8
  4657 | D:5      | Slain by a killer bee

Vault maps used:
D:1:      kb_arrival_jail
D:2:      first_ration, kennysheep_generic_room_6, uniq_robin
D:3:      lemuel_doored_altar, grunt_decor_mini_mirrors, dk_vineyard_1,
          uniq_sigmund, uniq_grinder
D:4:      minmay_door_path

Skill      XL: |  1  2  3  4  5  6  7 |
---------------+----------------------+-----
Throwing       | 2 |  2.0
Dodging        | 3 4 5 |  5.6
Long Blades    | 4 6 8 |  8.3
Fighting       | |  2.1

Action                   |  1- 3 |  4- 6 |  7- 9 || total
-------------------------+-------+-------+-------++-------
Melee: Long sword        |    97 |   145 |   158 ||   400
       Tailslap          |    13 |    25 |    30 ||    68
       Unarmed           |       |    13 |       ||    13
Throw: Throwing net      |       |     2 |       ||     2
 Abil: Breathe Frost     |       |       |     2 ||     2
  Use: Potion            |       |     4 |     2 ||     6
       Scroll            |       |       |     8 ||     8
 Stab: Sleeping          |     3 |     1 |       ||     4
       Held in net/web   |       |     1 |       ||     1
  Eat: Chunk             |       |     5 |     5 ||    10
       Ration            |       |       |     1 ||     1
Armor: Skin              |    22 |    42 |    44 ||   108
Dodge: Dodged            |    82 |   109 |   131 ||   322
Block: Other             |       |       |     1 ||     1
       Rpst.: Long sword |    20 |    28 |    44 ||    92

Table legend:
 A = Spawn XP
 B = Non-spawn XP
 C = Spawn XP percentage of total XP
 D = Spawn monster count
 E = Non-spawn monster count
 F = Spawn count percentage of total count
 G = Total turns spent on level
                    A         B        C        D         E        F      G
               +---------+---------+-------+---------+---------+-------+---------
         Total |       0 |    1544 |   0.0 |       0 |     126 |   0.0 |  4657
               +---------+---------+-------+---------+---------+-------+---------
           D:1 |       0 |      55 |   0.0 |       0 |      29 |   0.0 |   643
           D:2 |       0 |     174 |   0.0 |       0 |      47 |   0.0 |  1341
           D:3 |       0 |     778 |   0.0 |       0 |      25 |   0.0 |   959
           D:4 |       0 |     270 |   0.0 |       0 |      16 |   0.0 |  1193
           D:5 |       0 |     267 |   0.0 |       0 |       9 |   0.0 |   521
               +---------+---------+-------+---------+---------+-------+---------
